 Dungeon Crawl Stone Soup version 0.22.1-1-ga44c0e56f4 (webtiles) character file.

193 Cykl0x the Chopper (level 5, -7/33 HPs)
             Began as a Gargoyle Berserker on Oct 9, 2018.
             Was an Elder of Trog.
             Splashed by a jelly's acid (8 damage)
             ... on level 3 of the Dungeon.
             The game lasted 00:11:43 (1904 turns).

Cykl0x the Chopper (Gargoyle Berserker)             Turns: 1904, Time: 00:11:43

Health: -7/33      AC: -1    Str: 20    XL:     5   Next: 72%
Magic:  5/5        EV: 10    Int:  8    God:    Trog [****..]
Gold:   110        SH:  4    Dex: 13    Spells: 4/4 levels left

rFire    . . .     SeeInvis .   a - +0 hand axe
rCold    . . .     Gourm    .   g - +0 buckler
rNeg     + . .     Faith    .   f - +0 scale mail
rPois    ∞         Spirit   .   (no helmet)
rElec    +         Reflect  .   (no cloak)
rCorr    .         Harm     .   (no gloves)
MR       .....                  (no boots)
Stlth    ..........             (no amulet)
HPRegen  0.11/turn              j - +3 ring of dexterity
MPRegen  0.09/turn              (no ring)

@: corroded, very slow
A: negative energy resistance 1, electricity resistance, unbreathing,
petrification resistance, rot immunity, AC +4
a: Berserk, Trog's Hand, Brothers in Arms, Renounce Religion


You were on level 3 of the Dungeon.
You worshipped Trog.
Trog was greatly pleased with you.
You were very hungry.

You visited 1 branch of the dungeon, and saw 3 of its levels.

You collected 110 gold pieces.

Inventory:

Hand Weapons
 a - a +0 hand axe (weapon)
Missiles
 h - 3 tomahawks
 n - 3 steel javelins (quivered)
Armour
 f - a +0 scale mail (worn)
 g - a +0 buckler (worn)
Jewellery
 j - a +3 ring of dexterity (left hand)
Scrolls
 e - 2 scrolls of identify
Potions
 d - 2 potions of curing {unknown}
 i - a potion of heal wounds
 l - a potion of brilliance {unknown}
 o - a potion of lignification {unknown}
 p - a potion of agility {unknown}
Comestibles
 b - 11 chunks of flesh
 c - 5 rations


   Skills:
 + Level 4.1 Fighting
 + Level 4.2 Axes
 + Level 0.7 Throwing
 + Level 2.9 Armour
 + Level 2.2 Dodging
 + Level 1.2 Shields


You had 4 spell levels left.
You didn't know any spells.
Your spell library was empty.

Dungeon Overview and Level Annotations

Branches:
Dungeon (3/15)

Altars:
Gozag

Portals:
Sewer: D:3


Innate Abilities, Weirdness & Mutations

You are resistant to torment.
Your stone body is resilient. (AC +4)
You are immune to poison.
You resist negative energy. (rN+)
You are resistant to electric shocks. (rElec)
You can survive without breathing.
You are immune to petrification.
You are immune to rotting.


Message History

The jelly is moderately wounded.
The jelly hits you but does no damage.
Your unstable footing causes you to fumble your attack.
You are feeling very hungry.
The jelly hits you. The acid corrodes you!
You are splashed with acid!
The acid burns!
You barely miss the jelly.
The jelly is moderately wounded.
The jelly closely misses you.
You slash the jelly!
Your hands burn!
The jelly is severely wounded.
The jelly hits you. The acid corrodes you!
You are splashed with acid!
The acid burns!
* * * LOW HITPOINT WARNING * * *
You barely miss the jelly.
The jelly is severely wounded.
The jelly hits you.
* * * LOW HITPOINT WARNING * * *
The acid corrodes you!
You are splashed with acid!
The acid burns!
You die...

%...........#......# .#
.#....).....#####..###.
<#.....†....###.......#.
##.....†....##..#...#..<
#..........#..)≈≈≈≈≈...
#..........#.#≈≈≈≈≈≈≈#.
##
#.............≈≈≈≈≈≈≈..
..
###.#####.....≈≈J∩≈≈≈..
..
####.#####.....≈@≈≈≈≈≈..
..
#........#....#≈≈≈≈≈≈≈#.
..
...#.....#......≈≈≈≈≈...
..
...#.....#......#≈.≈#...
..
...#.....#..............
##
..##....................
..##.........)..........
.########..............#
.# #...................


You could see a jelly.

Vanquished Creatures
  Natasha (D:3)
  Robin (D:3)
  An adder (D:2)
  3 gnolls (D:2)
  An ooze (D:1)
  An adder zombie (D:1)
  A worm (D:2)
  3 dart slugs
  2 leopard geckos
  3 orcs (D:3)
  2 ball pythons
  A bat zombie (D:1)
  5 giant cockroaches
  14 goblins
  13 hobgoblins
  12 jackals
  3 quokkas
  9 bats
  5 frilled lizards
  6 kobolds
  4 rats
91 creatures vanquished.

Notes
Turn   | Place    | Note
-------+----------+-------------------------------------------
     0 | D:1      | Cykl0x the Gargoyle Berserker began the quest for the Orb.
     0 | D:1      | Reached XP level 1. HP: 14/14 MP: 1/1
    60 | D:1      | Reached XP level 2. HP: 10/20 MP: 2/2
   353 | D:1      | Reached XP level 3. HP: 21/24 MP: 3/3
   509 | D:1      | Reached ** piety under Trog
  1068 | D:2      | Found an opulent altar of Gozag.
  1122 | D:2      | Reached XP level 4. HP: 25/29 MP: 4/4
  1621 | D:3      | Reached skill level 1 in Shields
  1649 | D:3      | Reached XP level 5. HP: 32/33 MP: 5/5
  1651 | D:3      | Reached *** piety under Trog
  1695 | D:3      | Noticed Natasha
  1717 | D:3      | Killed Natasha
  1731 | D:3      | Noticed Robin
  1740 | D:3      | Killed Robin
  1826 | D:3      | Reached **** piety under Trog
  1892 | D:3      | Found a glowing drain.
  1904 | D:3      | HP: 1/33 [jelly (2)]
  1904 | D:3      | Splashed by a jelly's acid

Skill      XL: |  1  2  3  4  5 |
---------------+----------------+-----
Axes           | 3 4 |  4.2
Dodging        | 2 |  2.2
Fighting       | 4 |  4.1
Shields        | 1 |  1.2
Throwing       | |  0.7
Armour         | |  2.9

Action                   |  1- 3 |  4- 6 || total
-------------------------+-------+-------++-------
Melee: Hand axe          |    99 |   141 ||   240
       Mace              |    23 |       ||    23
Throw: Tomahawk          |    19 |    10 ||    29
       Javelin           |       |     2 ||     2
Invok: Berserk           |       |     1 ||     1
  Use: Scroll            |     2 |     4 ||     6
  Eat: Ration            |     1 |       ||     1
Armor: Animal skin       |    20 |       ||    20
       Scale mail        |    55 |    87 ||   142
Dodge: Dodged            |   107 |    99 ||   206
Block: Buckler           |    20 |    33 ||    53
